 Dungeon Crawl Stone Soup version 0.29.1-2-gbd0b4ee654 (webtiles) character file.

Game seed: 7929452554358229153

157 hawla the Chiller (level 5, -3/38 HPs)
             Began as a Meteoran Ice Elementalist on Oct 27, 2022.
             Slain by a phantom (7 damage)
             ... on level 4 of the Dungeon.
             The game lasted 00:10:01 (2140 turns).

hawla the Chiller (Meteoran Ice Elementalist)       Turns: 2140, Time: 00:10:02

Health: -3/38      AC:  4    Str: 10    XL:     5   Next: 99%
Magic:  11/11      EV: 12    Int: 18    God:
Gold:   121        SH:  0    Dex: 14    Spells: 1/10 levels left

rFire   . . .      SeeInvis .   f - +1 dagger
rCold   . . .      Faith    .   (no shield)
rNeg    . . .      Spirit   .   a - +0 robe
rPois   .          Reflect  .   m - +0 hat
rElec   .          Harm     .   j - +1 cloak
rCorr   .          Rampage  .   (no gloves)
Will    .....                   (no boots)
Stlth   +.........              (no amulet)
HPRegen 0.12/turn               c - ring of wizardry
MPRegen 0.12/turn               (no ring)

@: about to teleport, flying (expiring), glowing, invisible (but backlit and
visible)
A: sense surroundings 1, otherworldly, glowing, explore regen
a: no special abilities


You were on level 4 of the Dungeon.
You visited 1 branch of the dungeon, and saw 4 of its levels.

You collected 121 gold pieces.

Inventory:

Hand Weapons
 f - a +1 dagger (weapon)
Armour
 a - a +0 robe (worn)
 j - a +1 cloak (worn)
 m - a +0 hat (worn)
Jewellery
 c - a ring of wizardry (left hand)
 h - an amulet of reflection
 o - the ring of Arrival {rElec rF- rC+ Will+}
   (You found it on level 3 of the Dungeon)

   [ring of willpower]

   rF:        It makes you vulnerable to fire.
   rC:        It protects you from cold.
   rElec:     It insulates you from electricity.
   Will:      It increases your willpower.
 r - a ring of fire
Scrolls
 e - 3 scrolls of teleportation
Potions
 b - 2 potions of magic
 d - 3 potions of curing
 g - a potion of invisibility
 n - a potion of might {unknown}
 q - 2 potions of brilliance {unknown}


   Skills:
 - Level 2.8 Dodging
 - Level 1.4 Stealth
 - Level 3.4 Spellcasting
 + Level 6.7 Ice Magic


You had one spell level left.
You knew the following spells:

 Your Spells              Type           Power      Damage    Failure   Level
a - Freeze                Ice            100%       1d11      1%          1
b - Frozen Ramparts       Ice            54%        1d9       1%          3
c - Apportation           Tloc           6%         N/A       6%          1
d - Hailstorm             Conj/Ice       15%        3d5       16%         4

Your spell library contained the following spells:

 Spells                   Type           Power      Damage    Failure   Level
 Ozocubu's Armour         Ice            27%        N/A       1%          3
 Alistair's Intoxication  Tmut/Pois      2%         N/A       83%         5


Dungeon Overview and Level Annotations

Branches:
Dungeon (4/15) Zot: 250
 Temple: D:4-7

Altars:
Gozag
Ru

Shops:
D:1 :   D:2 (


Innate Abilities, Weirdness & Mutations

You passively map a small area around you.
You are easily found by Zot.
You glow in the dark.
You regain HP and MP as you explore.


Message History

The phantom is severely damaged.
The phantom closely misses you.
You completely miss the phantom.
The phantom is severely damaged.
The phantom hits you but does no damage.
You closely miss the phantom.
The phantom is severely damaged.
The phantom hits you.
You hit the phantom.
The phantom is severely damaged.
The phantom barely misses you.
You closely miss the phantom.
The phantom is severely damaged.
The phantom hits you.
The phantom blinks!
You blink.
You hit the phantom but do no damage.
The phantom is severely damaged.
The phantom hits you.
The phantom blinks!
You blink.
You hit the phantom.
The phantom is almost destroyed.
The phantom hits you!
* * * LOW HITPOINT WARNING * * *
The phantom blinks!
You blink.
The phantom attacks as you move away!
The phantom hits you but does no damage.
You hit the phantom.
The phantom is almost destroyed.
The phantom hits you!
* * * LOW HITPOINT WARNING * * *
The phantom blinks!
You blink.
You feel better.
You are starting to lose your buoyancy.
The phantom barely misses you.
As you read the scroll of teleportation, it crumbles to dust.
You feel strangely unstable. The phantom hits you.
* * * LOW HITPOINT WARNING * * *
The phantom blinks!
You blink.
The phantom attacks as you move away! The phantom hits you.
* * * LOW HITPOINT WARNING * * *
The phantom attacks as you move away! The phantom hits you!
You die...

#.#..###.##.......## #.....#
#.#.####.###.....## #####.#
#.#......# ##...## #.#
#.######## ##'## #.# #.#
#.############.# #.#
#.##...........#
#.############.##.###########
#.##........#...#.#
#.##.#......W@....#
#.##.#.###..#...#.# #
#........#..##.##.# #
####.#.#..........# #
#####~~~~~~~~##.####
###~~~~~≈≈≈≈≈≈~~~~###
~~~~≈≈≈≈≈≈≈≈≈≈≈≈≈~~~###
~≈≈≈≈≈≈≈~~~~~~≈≈≈≈≈~~~##
≈≈≈≈~~~~~##.#~~~~≈≈≈≈~~##


You could see a phantom.

Vanquished Creatures
  A scorpion (D:3)
  2 adders (D:3)
  2 worms
  2 dart slugs (D:3)
  2 orcs (D:3)
  4 giant cockroaches
  8 goblins
  6 hobgoblins
  7 jackals
  2 quokkas
  10 ball pythons
  7 bats
  3 frilled lizards
  3 kobolds
  4 rats
63 creatures vanquished.

Notes
Turn   | Place    | Note
-------+----------+-------------------------------------------
     0 | D:1      | hawla the Meteoran Ice Elementalist began the quest for the
                  | Orb.
     0 | D:1      | Reached XP level 1. HP: 14/14 MP: 5/5
    67 | D:1      | Reached XP level 2. HP: 12/20 MP: 2/6
   175 | D:1      | Found a faded altar of an unknown god.
   194 | D:1      | Found Zikly's Book Boutique.
   289 | D:1      | Reached skill level 5 in Ice Magic
   379 | D:1      | Reached XP level 3. HP: 22/26 MP: 6/8
   383 | D:1      | Learned a level 3 spell: Frozen Ramparts
   500 | D:1      | Glimpsed the power of Zot.
   550 | D:1      | Glimpsed the power of Zot.
   904 | D:2      | Found Buisa's Antique Weapon Emporium.
  1010 | D:3      | Reached XP level 4. HP: 32/33 MP: 8/10
  1012 | D:3      | Learned a level 1 spell: Apportation
  1037 | D:3      | Learned a level 4 spell: Hailstorm
  1102 | D:3      | Noticed a scorpion
  1109 | D:3      | Killed a scorpion
  1110 | D:3      | Reached skill level 6 in Ice Magic
  1110 | D:3      | Reached XP level 5. HP: 12/38 MP: 5/11
  1147 | D:3      | Found a sacrificial altar of Ru.
  1180 | D:3      | Identified the ring of Arrival {rElec rF- rC+ Will+}
  1701 | D:3      | Glimpsed the power of Zot.
  1785 | D:4      | Found an opulent altar of Gozag.
  2092 | D:4      | Noticed a phantom
  2134 | D:4      | HP: 1/38 [phantom (7)]
  2140 | D:4      | Slain by a phantom

Illustrated notes

Levels and vault maps discovered:
D:1:      amcnicky_arrival_feature_with_door, layout_basic, serial_shops,
          nicolae_shop_trees, ebering_ecumenical_altar_abandoned,
          chequers_serial_rivers_micro_d
D:2:      minmay_evil_eye, layout_rooms, serial_shops, nicolae_diamond_shop,
          serial_curves, eino_curves_02, eino_curves_01, lightli_corner_chamber
D:3:      layout_loops_ring, nicolae_ru_sacrificial_ziggurat,
          minmay_randomly_rotated_circles
D:4:      wander_river, layout_loops_corners, mainiacjoe_overflow_catwalk

Skill      XL: |  1  2  3  4 |
---------------+-------------+-----
Ice Magic      | 5 6 |  6.7
Spellcasting   | 3 |  3.4
Dodging        | |  2.8
Stealth        | |  1.4

Action                   |  1- 3 |  4- 6 || total
-------------------------+-------+-------++-------
Melee: Unarmed           |     9 |       ||     9
       Dagger            |     4 |    99 ||   103
 Cast: Freeze            |    23 |     4 ||    27
       Frozen Ramparts   |     9 |     7 ||    16
       Apportation       |       |     2 ||     2
       Hailstorm         |       |     1 ||     1
  Use: Scroll            |     3 |     6 ||     9
       Potion            |       |     6 ||     6
Armor: Robe              |    14 |    25 ||    39
Dodge: Dodged            |    31 |    55 ||    86
